MLB
MILWAUKEE BREWERS @ HOUSTON ASTROS
08/17/2098
 
TOP OF THE 1ST
Milwaukee Brewers batting - Pitching for Houston Astros : LHP Matt Emery
Pitching: LHP Matt Emery
Batting: RHB Byron Weaver 0-0: Ball
1-0: Ball
2-0: Foul Ball, location: 23F
2-1: Ball
3-1: Called Strike
3-2: Base on Balls
Batting: RHB Joe Hardie 0-0: Called Strike
0-1: Foul Ball, location: 2F
0-2: Strikes out swinging
Batting: LHB Alex Cruz 0-0: Called Strike
0-1: Foul Ball, location: 7LDF
0-2: Ball
1-2: Ball
2-2: Foul Ball, location: 9LSF
2-2: Strikes out looking
Batting: RHB Johnny Curet 0-0: Ball
1-0: Ball
2-0: Called Strike
2-1: Called Strike
2-2: Fly out, F8 (Flyball, 89S, EV 86.9 MPH)
Top of the 1st over - 0 runs, 0 hits, 0 errors, 1 left on base; Milwaukee 0 - Houston 0
BOTTOM OF THE 1ST
Houston Astros batting - Pitching for Milwaukee Brewers : LHP Mike Jenkins
Pitching: LHP Mike Jenkins
Batting: LHB Ricky Gomez 0-0: Foul Ball, location: 25F
0-1: Ball
1-1: Ball
2-1: DOUBLE (Line Drive, 9LD, EV 101.9 MPH)
Batting: RHB Jeff Cinnamon 0-0: Called Strike
0-1: Ball
1-1: Ball
2-1: Ball
3-1: Base on Balls
Batting: RHB Kyle Stewart 0-0: DOUBLE (Flyball, 8RXD, EV 91.3 MPH)
Ricky Gomez scores
Jeff Cinnamon to third
Batting: LHB Alex Perez 0-0: Ball
1-0: Ground out 6-3 (Groundball, 6, EV 101.9 MPH)
Jeff Cinnamon scores
Batting: RHB Sterling Lentz 0-0: Ball
1-0: Ball
2-0: Ball
3-0: Called Strike
3-1: Base on Balls
Batting: RHB Frank Kelsay 0-0: Called Strike
0-1: Ball
1-1: Foul Ball, location: 7LMF
1-2: Fly out, F9 (Flyball, 89S, EV 85.0 MPH)
Batting: RHB Erik Ellsworth 0-0: Foul Ball, location: 25FF
0-1: Ball
1-1: Fly out, F8 (Flyball, 8RD, EV 90.6 MPH)
Bottom of the 1st over - 2 runs, 2 hits, 0 errors, 2 left on base; Milwaukee 0 - Houston 2
TOP OF THE 2ND
Milwaukee Brewers batting - Pitching for Houston Astros : LHP Matt Emery
Batting: SHB Roberto Lima 0-0: Called Strike
0-1: Ball
1-1: Ball
2-1: Foul Ball, location: 9LSF
2-2: Ball
3-2: Base on Balls
Batting: SHB Mikizo Kubo 0-0: Ball
1-0: Swinging Strike
1-1: Foul Ball, location: 3F
1-2: Ball
2-2: Strikes out swinging
Batting: SHB Jamie Saxton 0-0: Called Strike
0-1: Ball
Wild Pitch!
Roberto Lima to second
1-1: Called Strike
1-2: Ball
2-2: Strikes out swinging
Batting: RHB Josh Merklin 0-0: Fly out, F7 (Line Drive, 7LS, EV 96.9 MPH)
Top of the 2nd over - 0 runs, 0 hits, 0 errors, 1 left on base; Milwaukee 0 - Houston 2
BOTTOM OF THE 2ND
Houston Astros batting - Pitching for Milwaukee Brewers : LHP Mike Jenkins
Batting: LHB Aaron Bruckerhoff 0-0: Called Strike
0-1: Ball
1-1: SINGLE (Groundball, 6MD, EV 100.0 MPH)
Batting: RHB Manchu Hu 0-0: Foul Ball, location: 2F
0-1: Ball
1-1: Grounds into double play, 5-4-3 (Groundball, 15, EV 84.4 MPH)
Batting: LHB Ricky Gomez 0-0: Foul Ball, location: 7LDF
0-1: Called Strike
0-2: Foul Ball, location: 7LMF
0-2: Foul Ball, location: 2F
0-2: Ball
1-2: Ball
2-2: Ground out 2-3 (Groundball, 13S, EV 71.3 MPH)
Bottom of the 2nd over - 0 runs, 1 hit, 0 errors, 0 left on base; Milwaukee 0 - Houston 2
TOP OF THE 3RD
Milwaukee Brewers batting - Pitching for Houston Astros : LHP Matt Emery
Batting: RHB Joey Ballard 0-0: Called Strike
0-1: Ball
1-1: Ball
2-1: Foul Ball, location: 5F
2-2: Foul Ball, location: 2F
2-2: Ball
3-2: Base on Balls
Batting: RHB Byron Weaver 0-0: Fly out, F8 (Flyball, 89M, EV 85.0 MPH)
Batting: RHB Joe Hardie 0-0: Ball
1-0: Ball
2-0: Swinging Strike
2-1: Foul Ball, location: 9LDF
2-2: Fly out, F8 (Flyball, 89S, EV 86.3 MPH)
Batting: LHB Alex Cruz 0-0: Called Strike
0-1: Ball
1-1: Called Strike
1-2: Foul Ball, location: 23F
1-2: Foul Ball, location: 7LSF
1-2: Ball
2-2: Foul Ball, location: 7LDF
2-2: Fly out, F5 (Flyball, 5D, EV 86.3 MPH)
Top of the 3rd over - 0 runs, 0 hits, 0 errors, 1 left on base; Milwaukee 0 - Houston 2
BOTTOM OF THE 3RD
Houston Astros batting - Pitching for Milwaukee Brewers : LHP Mike Jenkins
Batting: RHB Jeff Cinnamon 0-0: Called Strike
0-1: Ball
1-1: Foul Ball, location: 2F
1-2: Strikes out swinging
Batting: RHB Kyle Stewart 0-0: Swinging Strike
0-1: Ball
1-1: Fly out, F6 (Popup, 6M, EV 66.9 MPH)
Batting: LHB Alex Perez 0-0: Ball
1-0: Ball
2-0: Called Strike
2-1: Foul Ball, location: 2F
2-2: Foul Ball, location: 5FF
2-2: Ground out 4-3 (Groundball, 4, EV 99.4 MPH)
Bottom of the 3rd over - 0 runs, 0 hits, 0 errors, 0 left on base; Milwaukee 0 - Houston 2
TOP OF THE 4TH
Milwaukee Brewers batting - Pitching for Houston Astros : LHP Matt Emery
Batting: RHB Johnny Curet 0-0: Foul Ball, location: 23FF
0-1: Ball
1-1: Fly out, F7 (Flyball, 7LM, EV 84.4 MPH)
Batting: SHB Roberto Lima 0-0: Swinging Strike
0-1: Foul Ball, location: 2F
0-2: Strikes out swinging
Batting: SHB Mikizo Kubo 0-0: Foul Ball, location: 23F
0-1: Called Strike
0-2: Strikes out looking
Top of the 4th over - 0 runs, 0 hits, 0 errors, 0 left on base; Milwaukee 0 - Houston 2
BOTTOM OF THE 4TH
Houston Astros batting - Pitching for Milwaukee Brewers : LHP Mike Jenkins
Batting: RHB Sterling Lentz 0-0: Ground out 4-3 (Groundball, 4M, EV 101.9 MPH)
Batting: RHB Frank Kelsay 0-0: Ball
1-0: Ground out 5-3 (Groundball, 56S, EV 81.3 MPH)
Batting: RHB Erik Ellsworth 0-0: Ball
1-0: Ball
2-0: Foul Ball, location: 2F
2-1: Called Strike
2-2: Fly out, F8 (Flyball, 8RS, EV 83.1 MPH)
Bottom of the 4th over - 0 runs, 0 hits, 0 errors, 0 left on base; Milwaukee 0 - Houston 2
TOP OF THE 5TH
Milwaukee Brewers batting - Pitching for Houston Astros : LHP Matt Emery
Batting: SHB Jamie Saxton 0-0: Called Strike
0-1: Fly out, F8 (Flyball, 78M, EV 96.9 MPH)
Batting: RHB Josh Merklin 0-0: Ball
1-0: Called Strike
1-1: Ball
2-1: Fly out, F4 (Popup, 4M, EV 64.4 MPH)
Batting: RHB Joey Ballard 0-0: Foul Ball, location: 3F
0-1: Ball
1-1: Ball
2-1: Foul Ball, location: 2F
2-2: Ball
3-2: SINGLE (Line Drive, 8LS, EV 108.8 MPH)
Batting: RHB Byron Weaver 0-0: Ball
1-0: SINGLE (Line Drive, 89S, EV 105.0 MPH)
Joey Ballard to second
Runner from 2nd tries for 3rd, SAFE, no throw by RF
Batting: RHB Joe Hardie 0-0: Ball
1-0: Foul Ball, location: 9LMF
1-1: Called Strike
1-2: Foul Ball, location: 23F
1-2: Ball
2-2: SINGLE (Line Drive, 8RS, EV 103.1 MPH)
Joey Ballard scores
Byron Weaver to second
Runner from 2nd tries for 3rd, SAFE, no throw by CF
Batting: LHB Alex Cruz 0-0: Swinging Strike
0-1: Called Strike
0-2: Ball
Wild Pitch!
Byron Weaver scores
Joe Hardie to second
1-2: Strikes out looking
Top of the 5th over - 2 runs, 3 hits, 0 errors, 1 left on base; Milwaukee 2 - Houston 2
BOTTOM OF THE 5TH
Houston Astros batting - Pitching for Milwaukee Brewers : LHP Mike Jenkins
Batting: LHB Aaron Bruckerhoff 0-0: Ground out 4-3 (Groundball, 4, EV 88.1 MPH)
Batting: RHB Manchu Hu 0-0: Ball
1-0: Foul Ball, location: 2F
1-1: Foul Ball, location: 2F
1-2: Ball
2-2: Foul Ball, location: 5SF
2-2: Ball
3-2: Fly out, F9 (Flyball, 9D, EV 103.1 MPH)
Batting: LHB Ricky Gomez 0-0: Called Strike
0-1: Called Strike
0-2: Foul Ball, location: 3FF
0-2: Ball
1-2: Foul Ball, location: 2F
1-2: Foul Ball, location: 7LSF
1-2: Ball
2-2: Ball
3-2: Foul Ball, location: 2F
3-2: Ground out 6-3 (Groundball, 6, EV 81.3 MPH)
Bottom of the 5th over - 0 runs, 0 hits, 0 errors, 0 left on base; Milwaukee 2 - Houston 2
TOP OF THE 6TH
Milwaukee Brewers batting - Pitching for Houston Astros : LHP Matt Emery
Batting: RHB Johnny Curet 0-0: Called Strike
0-1: Ball
1-1: Ball
2-1: Ball
3-1: Fly out, F9 (Flyball, 9, EV 91.9 MPH)
Pitching: RHP Vince Geiger
Batting: SHB Roberto Lima 0-0: SINGLE (Groundball, 4MD, EV 102.5 MPH)
Pinch Runner at 1st Bunka Imamura:
Batting: SHB Mikizo Kubo 0-0: Ball
1-0: Ball
Pickoff Play to 1st, Runner tries for 2nd, SAFE after rundown.
2-0: Intentional Walk
Batting: SHB Jamie Saxton 0-0: Called Strike
0-1: Swinging Strike
0-2: 3-RUN HOME RUN (Flyball, 78XD, EV 110.6 MPH), Distance : 432 ft
Pitching: RHP Graham Burch
Pinch Hitting: LHB Tony Graham 0-0: Ball
1-0: Ball
2-0: Called Strike
2-1: Ball
3-1: Foul Ball, location: 2F
3-2: Strikes out swinging
Batting: RHB Joey Ballard 0-0: Foul Ball, location: 7LSF
0-1: Swinging Strike
0-2: Foul Ball, location: 2F
0-2: Strikes out looking
Top of the 6th over - 3 runs, 2 hits, 0 errors, 0 left on base; Milwaukee 5 - Houston 2
BOTTOM OF THE 6TH
Houston Astros batting - Pitching for Milwaukee Brewers : LHP Mike Jenkins
Now at 2B: Alex Cruz
Now in LF: Tony Graham
Batting: RHB Jeff Cinnamon 0-0: Ball
1-0: Ball
2-0: Ball
3-0: Called Strike
3-1: Base on Balls
Batting: RHB Kyle Stewart 0-0: SINGLE (Groundball, 6D, EV 96.9 MPH)
Jeff Cinnamon to second
Batting: LHB Alex Perez 0-0: Called Strike
0-1: Fly out, F4 (Popup, 34, EV 70.6 MPH)
Batting: RHB Sterling Lentz 0-0: Ball
1-0: Foul Ball, location: 2F
1-1: Fly out, F2 (Popup, 25F, EV 88.1 MPH)
Batting: RHB Frank Kelsay 0-0: Called Strike
0-1: Foul Ball, location: 9LMF
0-2: Ball
1-2: Ball
2-2: Foul Ball, location: 7LSF
2-2: Ball
3-2: Base on Balls
Jeff Cinnamon to third
Kyle Stewart to second
Batting: RHB Erik Ellsworth 0-0: Ball
1-0: Ground out 4-3 (Groundball, 4, EV 89.4 MPH)
Bottom of the 6th over - 0 runs, 1 hit, 0 errors, 3 left on base; Milwaukee 5 - Houston 2
TOP OF THE 7TH
Milwaukee Brewers batting - Pitching for Houston Astros : RHP Graham Burch
Batting: RHB Byron Weaver 0-0: SINGLE (Line Drive, 5D, EV 95.0 MPH)
Batting: RHB Joe Hardie 0-0: Ball
Byron Weaver steals 2nd base
1-0: Called Strike
1-1: Fly out, F8 (Flyball, 8LXD, EV 109.4 MPH)
Runner from 2nd tags up, SAFE at 3rd, no throw by CF
Batting: LHB Alex Cruz 0-0: Intentional Walk
Batting: RHB Johnny Curet 0-0: Ball
1-0: Ball
2-0: Called Strike
2-1: Fly out, F9 (Flyball, 9LM, EV 101.3 MPH)
Runner from 3rd tags up, SCORES, throw by RF
Batting: RHB Bunka Imamura 0-0: Ball
1-0: SINGLE (Flyball, 89M, EV 90.6 MPH)
Alex Cruz to second
Runner from 2nd tries for 3rd, SAFE, throw by RF made to third
Batting: SHB Mikizo Kubo 0-0: SINGLE (Groundball, 6MD, EV 105.0 MPH)
Alex Cruz scores
Bunka Imamura to second
Runner from 2nd tries for 3rd, SAFE, throw by CF made to third
Batting: SHB Jamie Saxton 0-0: Ground out U3 (Groundball, 3, EV 83.1 MPH)
Top of the 7th over - 2 runs, 3 hits, 0 errors, 2 left on base; Milwaukee 7 - Houston 2
BOTTOM OF THE 7TH
Houston Astros batting - Pitching for Milwaukee Brewers : LHP Mike Jenkins
Batting: LHB Aaron Bruckerhoff 0-0: Fly out, F8 (Flyball, 8LD, EV 96.9 MPH)
Batting: RHB Manchu Hu 0-0: Called Strike
0-1: Ball
1-1: Ground out 6-3 (Groundball, 6M, EV 84.4 MPH)
Batting: LHB Ricky Gomez 0-0: Called Strike
0-1: Foul Ball, location: 3F
0-2: Strikes out looking
Bottom of the 7th over - 0 runs, 0 hits, 0 errors, 0 left on base; Milwaukee 7 - Houston 2
TOP OF THE 8TH
Milwaukee Brewers batting - Pitching for Houston Astros : RHP Graham Burch
Pitching: RHP Larry DeWolfe
Batting: LHB Tony Graham 0-0: Ball
1-0: Ball
2-0: Ball
3-0: Called Strike
3-1: SINGLE (Line Drive, 7S, EV 103.8 MPH)
Batting: RHB Joey Ballard 0-0: Foul Ball, location: 9LDF
0-1: Ball
1-1: Foul Ball, location: 9LMF
1-2: Strikes out swinging
Batting: RHB Byron Weaver 0-0: Swinging Strike
0-1: Ball
Tony Graham steals 2nd base
1-1: Foul Ball, location: 9LDF
1-2: Strikes out swinging
Batting: RHB Joe Hardie 0-0: Ball
1-0: Called Strike
1-1: Fly out, F8 (Line Drive, 8LS, EV 93.8 MPH)
Top of the 8th over - 0 runs, 1 hit, 0 errors, 1 left on base; Milwaukee 7 - Houston 2
BOTTOM OF THE 8TH
Houston Astros batting - Pitching for Milwaukee Brewers : LHP Mike Jenkins
Batting: RHB Jeff Cinnamon 0-0: Foul Ball, location: 5FF
0-1: Fly out, F8 (Flyball, 8LM, EV 91.9 MPH)
Batting: RHB Kyle Stewart 0-0: Called Strike
0-1: Fly out, F7 (Flyball, 7LM, EV 105.6 MPH)
Batting: LHB Alex Perez 0-0: Ball
1-0: Called Strike
1-1: Ball
2-1: SINGLE (Groundball, 56D, EV 100.6 MPH)
Pitching: RHP Cesar de Lara
Batting: RHB Sterling Lentz 0-0: Foul Ball, location: 2F
0-1: Ball
1-1: Foul Ball, location: 9LSF
1-2: Foul Ball, location: 2F
1-2: Ball
2-2: Fly out, F7 (Flyball, 7, EV 76.3 MPH)
Bottom of the 8th over - 0 runs, 1 hit, 0 errors, 1 left on base; Milwaukee 7 - Houston 2
TOP OF THE 9TH
Milwaukee Brewers batting - Pitching for Houston Astros : RHP Larry DeWolfe
Pitching: RHP Guillermo Padron
Batting: LHB Alex Cruz 0-0: Fly out, F7 (Line Drive, 7, EV 86.3 MPH)
Batting: RHB Johnny Curet 0-0: SINGLE (Line Drive, 8LS, EV 105.0 MPH)
Batting: RHB Bunka Imamura 0-0: Called Strike
0-1: Fly out, F7 (Flyball, 7S, EV 78.1 MPH)
Batting: SHB Mikizo Kubo 0-0: Ball
1-0: Foul Ball, location: 7LMF
1-1: Ball
2-1: Called Strike
2-2: Ball
Johnny Curet steals 2nd base
3-2: DOUBLE (Flyball, 78XD, EV 110.6 MPH)
Johnny Curet scores
Batting: SHB Jamie Saxton 0-0: Fly out, F8 (Flyball, 78D, EV 96.3 MPH)
Top of the 9th over - 1 run, 2 hits, 0 errors, 1 left on base; Milwaukee 8 - Houston 2
BOTTOM OF THE 9TH
Houston Astros batting - Pitching for Milwaukee Brewers : RHP Cesar de Lara
Batting: RHB Frank Kelsay 0-0: Ball
1-0: Ball
2-0: Called Strike
2-1: Foul Ball, location: 3F
2-2: Strikes out swinging
Pinch Hitting: LHB Zack Baize 0-0: Foul Ball, location: 2F
0-1: Ball
1-1: Called Strike
1-2: Strikes out looking
Batting: LHB Aaron Bruckerhoff 0-0: Ball
1-0: Ball
2-0: Foul Ball, location: 2F
2-1: Swinging Strike
2-2: Strikes out swinging
Bottom of the 9th over - 0 runs, 0 hits, 0 errors, 0 left on base; Milwaukee 8 - Houston 2
Friday, April 12th , 2024 - OOTP Baseball 24.11 Build 85